 Dungeon Crawl Stone Soup version 0.25-a0-10-g2fe12d4386 (webtiles) character file.

Game seed: 1354966549299323647, levelgen mode: deterministic

41878 Arixos the Cruncher (level 13, -4/106 HPs)
             Began as a Demonspawn Gladiator on Oct 15, 2019.
             Was an Elder of Ru.
             Slain by an eight-headed hydra (16 damage)
             ... on level 6 of the Lair of Beasts.
             The game lasted 01:13:51 (14481 turns).

Arixos the Cruncher (Demonspawn Gladiator)         Turns: 14481, Time: 01:13:51

Health: -4/106     AC: 20    Str: 20    XL:     13   Next: 82%
Magic:  0/19       EV:  6    Int: 10    God:    Ru [****..]
Gold:   835        SH:  0    Dex: 14    Spells: 12/12 levels left

rFire    + . .     SeeInvis .   q - +6 quarterstaff (chaos)
rCold    . . .     Gourm    .   (shield currently unavailable)
rNeg     . . .     Faith    .   M - +0 plate armour
rPois    .         Spirit   +   (helmet restricted)
rElec    .         Reflect  .   r - +2 cloak {MR+}
rCorr    +         Harm     .   w - +1 pair of gloves
MR       +....                  (no boots)
Stlth    ..........             y - amulet of regeneration
HPRegen  0.67/turn              I - ring of resist corrosion
MPRegen  0.32/turn              C - ring of protection from fire

@: exhausted, no scrolls, lightly drained
A: claws 2, hooves 2, horns 2, magic shield, magic regeneration, inability to
read while threatened, inability to train dodging, no earth magic, no hexes
magic, no translocations magic
a: Draw Out Power, Power Leap, Renounce Religion


You were on level 6 of the Lair of Beasts.
You worshipped Ru.
Ru was greatly pleased with you.
You were not hungry.

You visited 3 branches of the dungeon, and saw 16 of its levels.

You collected 835 gold pieces.

Inventory:

Hand Weapons
 q - a +6 quarterstaff of chaos (weapon)
Missiles
 m - 34 poisoned darts (quivered)
 v - 9 curare-tipped darts
Armour
 r - a +2 cloak of magic resistance (worn)
 w - a +1 pair of gloves (worn)
 M - a +0 plate armour (worn)
Jewellery
 y - an amulet of regeneration (around neck)
 C - a ring of protection from fire (right hand)
 I - a ring of resist corrosion (left hand)
Wands
 h - a wand of random effects (19)
 z - a wand of scattershot (4)
 E - a wand of disintegration (20)
 K - a wand of flame (26)
 O - a wand of clouds (5)
 Q - a wand of acid (6)
 S - a wand of paralysis (9)
Scrolls
 b - 8 scrolls of teleportation
 c - a scroll of immolation
 g - 4 scrolls of enchant armour
 i - 9 scrolls of remove curse
 j - 7 scrolls of magic mapping
 k - 13 scrolls of identify
 l - a scroll of fear {unknown}
 t - 3 scrolls of blinking {unknown}
 A - 5 scrolls of enchant weapon
 F - a scroll of holy word {unknown}
 G - 2 scrolls of fog
 J - 2 scrolls of random uselessness {unknown}
Potions
 a - a potion of haste
 d - 9 potions of curing
 e - 4 potions of lignification {unknown}
 n - 2 potions of agility {unknown}
 o - a potion of berserk rage {unknown}
 p - 4 potions of heal wounds
 s - 4 potions of brilliance {unknown}
 u - 3 potions of might {unknown}
 x - 2 potions of ambrosia {unknown}
 B - a potion of invisibility {unknown}
 D - a potion of flight
 L - a potion of magic {unknown}
 N - a potion of mutation {unknown}
Miscellaneous
 H - a fan of gales
 P - a sack of spiders
 T - a lightning rod (4/4)
Comestibles
 f - 39 rations
 R - 13 chunks of flesh


   Skills:
 + Level 11.6(11.2) Fighting
 - Level 14.0(13.5) Staves
 - Level 1.7(1.4) Throwing
 + Level 10.6(10.2) Armour
   Level 0.0 Dodging
 + Level 8.5(8.1) Evocations


You had 12 spell levels left.
You didn't know any spells.
Your spell library contained the following spells:

 Spells                   Type           Power        Failure   Level  Hunger
 Animate Skeleton         Necr           N/A          99%         1    ##.....
 Freeze                   Ice            #...         99%         1    ##.....
 Magic Dart               Conj           #...         99%         1    ##.....
 Pain                     Necr           #...         99%         1    ##.....
 Summon Small Mammal      Summ           #...         99%         1    ##.....
 Call Imp                 Summ           #.......     100%        2    ###....
 Throw Frost              Conj/Ice       #.....       100%        2    ###....
 Call Canine Familiar     Summ           #.......     100%        3    ####...
 Ozocubu's Armour         Chrm/Ice       #.......     100%        3    ####...
 Regeneration             Chrm/Necr      #.........   100%        3    ####...
 Vampiric Draining        Necr           #.........   100%        3    ####...
 Animate Dead             Necr           N/A          100%        4    #####..
 Summon Ice Beast         Ice/Summ       #.......     100%        4    #####..
 Summon Lightning Spire   Summ/Air       #.......     100%        4    #####..
 Throw Icicle             Conj/Ice       #.......     100%        4    #####..
 Sandblast                Erth           Unusable     N/A         1    N/A
 Passwall                 Tmut/Erth      Unusable     N/A         2    N/A
 Stone Arrow              Conj/Erth      Unusable     N/A         3    N/A
 Summon Guardian Golem    Hex/Summ       Unusable     N/A         3    N/A
 Petrify                  Tmut/Erth      Unusable     N/A         4    N/A
 Lee's Rapid Deconstruct  Erth           Unusable     N/A         5    N/A

Dungeon Overview and Level Annotations

Branches:
Dungeon (9/15)             Temple (1/1) D:4            Lair (6/6) D:9
 Shoals (0/4) Lair:2        Snake (0/4) Lair:3        Slime (0/5) Lair:5
    Orc (0/2) D:9

Altars:
Ashenzari
Cheibriados
Dithmenos
Elyvilon
Fedhas
Gozag
Hepliaklqana
Kikubaaqudgha
Makhleb
Nemelex Xobeh
Okawaru
Qazlal
Ru
Sif Muna
Trog
Uskayaw
Vehumet
Wu Jian
Xom
Yredelemnul
Zin
The Shining One
Jiyva

Shops:
D:7 *

Annotations:
Lair:2 1 runed translucent door, Guimpusk's ghost, journeyman DgTm


Innate Abilities, Weirdness & Mutations

You have very sharp fingernails.
You have hoof-like feet.
You have a pair of horns on your head.
When hurt, damage is shared between your health and your magic reserves.
You regenerate magic rapidly.
You cannot read scrolls while threatened.
You cannot train Dodging skill.
You cannot study or cast Earth magic.
You cannot study or cast Hexes magic.
You cannot study or cast Translocations magic.


Message History

You are restored by drawing out deep reserves of power within.
You feel drained.
The eight-headed hydra bites you but does no damage. x2
The eight-headed hydra completely misses you. x2
The eight-headed hydra bites you! x2
* * * LOW HITPOINT WARNING * * *
The eight-headed hydra bites you but does no damage.
The eight-headed hydra bites you!
* * * LOW HITPOINT WARNING * * *
You feel much better. The eight-headed hydra bites you.
The eight-headed hydra bites you but does no damage.
The eight-headed hydra closely misses you.
The eight-headed hydra bites you!!
* * * LOW HITPOINT WARNING * * *
The eight-headed hydra bites you but does no damage. x3
The eight-headed hydra bites you.
* * * LOW HITPOINT WARNING * * *
The eight-headed hydra bites you but does no damage. x4
The eight-headed hydra bites you!!
You die...

## #.## ##...########
#.....D@....###
#P...[##...P..##
##...÷.##.P...P## ###
# #.#÷...###....P#
#.### #.
#......###...## ##.##
#. #.....÷.
#....###P..# #.
....#..8.##.÷..##.P..
#
....#.....#.....#....
#..##.#..8D#P....###..


You could see an eight-headed hydra (berserk).

Vanquished Creatures
  Fannar (Lair:3)
  4 hydras
  A catoblepas (Lair:6)
  A two-headed ogre (D:9)
  10 death yaks
  A queen ant (Lair:2)
  A deep troll shaman (Lair:6)
  Maurice (D:9)
  A guardian serpent (Lair:3)
  4 black mambas
  6 spiny frogs
  A yaktaur (shapeshifter) (Lair:5)
  3 komodo dragons
  3 rime drakes
  A merfolk (Lair:2)
  2 polar bears
  2 trolls (D:9)
  2 dream sheep (D:8)
  13 blink frogs
  8 hippogriffs
  A wyvern (D:9)
  8 spriggans (Lair:2)
  39 yaks
  Eustachio (D:6)
  A steam dragon (D:7)
  Edmund (D:4)
  5 soldier ants
  2 wargs (D:9)
  14 water moccasins
  6 orc warriors (D:9)
  8 porcupines
  3 ice beasts
  4 sky beasts
  3 black bears
  9 ogres
  5 phantoms
  10 centaurs
  6 wolves
  11 crocodiles
  6 big kobolds
  10 bullfrogs
  The ghost of Kohma the Sneak, an amateur SpEn (D:3)
  A wyvern zombie (D:6)
  3 gnoll sergeants
  5 scorpions
  A water moccasin skeleton (D:8)
  8 wights
  3 electric eels
  5 howler monkeys (D:8)
  2 vampire bats (Lair:1)
  3 crimson imps
  A jelly (D:5)
  2 bullfrog zombies (D:7)
  2 centaur skeletons
  5 orc priests
  4 hounds
  12 orc wizards
  Crazy Yiuf (D:2)
  3 bullfrog skeletons
  An iguana (D:9)
  20 worker ants
  A killer bee zombie (D:7)
  2 hound skeletons
  13 gnolls
  10 adders
  A shadow imp (D:5)
  An ooze (D:2)
  An adder zombie (D:8)
  2 worms
  A dart slug (D:1)
  4 leopard geckos
  31 orcs
  7 giant cockroaches
  8 goblins
  10 hobgoblins
  12 jackals
  14 kobolds
  8 quokkas
  A ball python (D:3)
  17 bats
  2 frilled lizards
  A leopard gecko zombie (D:6)
  A quokka skeleton (D:8)
  6 rats
  A spectral orc (D:2)
457 creatures vanquished.

Vanquished Creatures (others)
  A wolf (Lair:6)
  A centaur skeleton (D:6)
  A worker ant (Lair:2)
  An orc (D:9)
  A bat (Lair:1)
  15 fungi (Lair:6)
  6 plants (Lair:6)
  2 withered plants (Lair:2)
28 creatures vanquished.

Grand Total: 485 creatures vanquished

Notes
Turn   | Place    | Note
-------+----------+-------------------------------------------
     0 | D:1      | Arixos the Demonspawn Gladiator began the quest for the
                  | Orb.
     0 | D:1      | Reached XP level 1. HP: 16/16 MP: 1/1
    68 | D:1      | Gained mutation: You have large cloven feet. [demonic
                  | ancestry]
    68 | D:1      | Reached XP level 2. HP: 9/22 MP: 2/2
   717 | D:1      | Reached skill level 3 in Staves
   757 | D:1      | Reached skill level 1 in Armour
   848 | D:1      | Reached XP level 3. HP: 28/28 MP: 3/3
  1528 | D:2      | Found a shimmering blue altar of Sif Muna.
  1595 | D:2      | Gained mutation: You have hoof-like feet. [demonic
                  | ancestry]
  1595 | D:2      | Reached XP level 4. HP: 32/34 MP: 4/4
  1715 | D:2      | Found a basalt altar of Yredelemnul.
  1998 | D:2      | Reached XP level 5. HP: 25/41 MP: 5/5
  2367 | D:2      | Found a runed translucent door.
  2368 | D:2      | Noticed Crazy Yiuf
  2383 | D:2      | Killed Crazy Yiuf
  2733 | D:3      | Found a faded altar of an unknown god.
  2829 | D:3      | Found a runed translucent door.
  2830 | D:3      | Noticed Kohma's ghost (amateur SpEn)
  2840 | D:3      | Found a blossoming altar of Fedhas.
  2864 | D:3      | Killed Kohma's ghost
  2888 | D:3      | Found an opulent altar of Gozag.
  2928 | D:3      | Found an ancient bone altar of Kikubaaqudgha.
  2939 | D:3      | Gained mutation: You have sharp fingernails. [demonic
                  | ancestry]
  2939 | D:3      | Reached XP level 6. HP: 42/47 MP: 6/6
  2946 | D:3      | Reached skill level 4 in Staves
  2949 | D:3      | Found a shimmering blue altar of Sif Muna.
  3160 | D:3      | Found a snail-covered altar of Cheibriados.
  3181 | D:3      | Found a radiant altar of Vehumet.
  3184 | D:3      | Identified Vehumet's Papyrus of Confrontation
  3347 | D:4      | Found a staircase to the Ecumenical Temple.
  3409 | Temple   | Entered the Ecumenical Temple
  3470 | Temple   | Became a worshipper of Ru the Awakened
  3793 | D:4      | Found a burning altar of Makhleb.
  3793 | D:4      | Found a glowing golden altar of the Shining One.
  3798 | D:4      | Found a hide-covered altar of Uskayaw.
  3800 | D:4      | Found a faded altar of an unknown god.
  3801 | D:4      | Noticed Edmund
  3802 | D:4      | Found a faded altar of an unknown god.
  3811 | D:4      | Killed Edmund
  3811 | D:4      | Gained mutation: You have a pair of small horns on your
                  | head. [demonic ancestry]
  3811 | D:4      | Reached XP level 7. HP: 53/54 MP: 7/7
  4013 | D:4      | Reached skill level 5 in Staves
  4317 | D:4      | Found a hazy altar of Hepliaklqana.
  4339 | D:5      | Entered Level 5 of the Dungeon
  4840 | D:6      | Reached XP level 8. HP: 50/61 MP: 8/8
  4858 | D:6      | Gained mutation: You cannot train Dodging skill. [Ru
                  | sacrifice]
  4858 | D:6      | Reached * piety under Ru
  4902 | D:6      | Noticed Eustachio
  4938 | D:6      | Killed Eustachio
  4938 | D:6      | Reached skill level 6 in Staves
  4992 | D:6      | Reached skill level 5 in Fighting
  5212 | D:6      | Reached skill level 7 in Staves
  5567 | D:6      | Found an iron altar of Okawaru.
  5616 | D:7      | Reached skill level 5 in Armour
  5616 | D:7      | Gained mutation: You have a pair of horns on your head.
                  | [demonic ancestry]
  5616 | D:7      | Reached XP level 9. HP: 69/69 MP: 9/9
  5842 | D:7      | Found Diwnise's Assorted Antiques.
  5911 | D:7      | Reached skill level 8 in Staves
  6337 | D:7      | Gained mutation: You cannot read scrolls while threatened.
                  | [Ru sacrifice]
  6337 | D:7      | Reached ** piety under Ru
  6668 | D:8      | Reached skill level 9 in Staves
  6775 | D:8      | Reached XP level 10. HP: 71/79 MP: 10/10
  7006 | D:8      | Noticed a three-headed hydra
  7014 | D:8      | Killed a three-headed hydra
  7014 | D:8      | Reached skill level 10 in Staves
  7590 | D:9      | Noticed Maurice
  7771 | D:9      | Reached skill level 1 in Evocations
  7777 | D:9      | Noticed a two-headed ogre
  7782 | D:9      | Killed a two-headed ogre
  7792 | D:9      | Gained mutation: When hurt, damage is shared between your
                  | health and your magic reserves. [demonic ancestry]
  7792 | D:9      | Reached XP level 11. HP: 63/87 MP: 10/12
  7795 | D:9      | Found a staircase to the Lair.
  7806 | D:9      | Gained mutation: You cannot study or cast Earth magic. [Ru
                  | sacrifice]
  7806 | D:9      | Gained mutation: You cannot study or cast Hexes magic. [Ru
                  | sacrifice]
  7806 | D:9      | Gained mutation: You cannot study or cast Translocations
                  | magic. [Ru sacrifice]
  7806 | D:9      | Reached *** piety under Ru
  7806 | D:9      | Reached **** piety under Ru
  7904 | D:9      | Found a staircase to the Orcish Mines.
  7943 | D:9      | Reached skill level 11 in Staves
  8337 | D:9      | Killed Maurice
  8627 | Lair:1   | Entered Level 1 of the Lair of Beasts
  9608 | Lair:1   | Found an iron altar of Okawaru.
  9938 | Lair:2   | Found a runed translucent door.
  9938 | Lair:2   | Noticed Guimpusk's ghost (journeyman DgTm)
  9954 | Lair:2   | Reached skill level 12 in Staves
  9987 | Lair:2   | Noticed a queen ant
 10003 | Lair:2   | Killed a queen ant
 10003 | Lair:2   | Gained mutation: You regenerate magic rapidly. [demonic
                  | ancestry]
 10003 | Lair:2   | Reached XP level 12. HP: 96/97 MP: 15/15
 10179 | Lair:2   | Found a staircase to the Shoals.
 10207 | Lair:2   | Reached skill level 5 in Evocations
 10999 | Lair:3   | Found a staircase to the Snake Pit.
 11070 | Lair:3   | Reached skill level 10 in Fighting
 11239 | Lair:3   | Noticed Fannar
 11285 | Lair:3   | Killed Fannar
 11899 | Lair:4   | Noticed a seven-headed hydra
 11908 | Lair:4   | Killed a seven-headed hydra
 11940 | Lair:4   | Reached skill level 13 in Staves
 12890 | Lair:5   | Gained mutation: You have very sharp fingernails. [demonic
                  | ancestry]
 12890 | Lair:5   | Reached XP level 13. HP: 104/104 MP: 18/18
 12949 | Lair:5   | Found a staircase to the Slime Pits.
 12949 | Lair:5   | Found a viscous altar of Jiyva.
 13432 | Lair:6   | Entered Level 6 of the Lair of Beasts
 13851 | Lair:6   | Reached skill level 10 in Armour
 14261 | Lair:6   | Reached skill level 14 in Staves
 14481 | Lair:6   | Slain by an eight-headed hydra

Levels and vault maps discovered:
D:1:      minmay_arrival_up_and_down, layout_basic
D:2:      layout_loops_ring, yredelemnul_forgotten_temple_becter, first_ration,
          led_sif_pool, uniq_crazy_yiuf_cottage
D:3:      layout_loops_cross, grunt_temple_overflow_magic_moments,
          cheibriados_altar_1, chequers_temple_overflow_statue_of_worship,
          gammafunk_ghost_grave, chequers_ecumenical_altar_simple_redux
D:4:      layout_cave_pods, chequers_temple_overflow_minitemple,
          kennysheep_mini_moat, minmay_temple_entry_mini_moons,
          minmay_misc_feat_iff, minmay_misc_feat_ornament,
          minmay_a_box_with_orc_wizards_in_it, uniq_edmund
D:5:      layout_cave_pools
D:6:      layout_basic, lemuel_coloured_pillars_altar, uniq_eustachio
D:7:      layout_gridville, serial_shops, shop, minmay_misc_feat_enclosed
D:8:      layout_basic, hangedman_ranch [blue_anna_fruit_fields]
D:9:      layout_roguey, erik_lair_orcish_takeover,
          kennysheep_orc_monster_closet_entryway, hangedman_decor_growths,
          lightli_fourway_metalbox, uniq_maurice
Temple:   jpeg_temple_alley_garden
Lair:1:   layout_concentric_octagons, roderic_batcave, lemuel_centaur_altar
Lair:2:   kb_forest_paths, layout_regular_city, elwin_shoals_entry_rooms,
          gammafunk_ghost_grave, minmay_another_anthill
Lair:3:   layout_gridlike, minmay_snake_entry_spellcaster,
          minmay_stone_trees_small, chequers_serial_rivers_room_b, uniq_fannar
Lair:4:   layout_cave_shapes, uniq_sonja
Lair:5:   layout_misc_corridors, slime_altar_1, grunt_megastairs_1
Lair:6:   grunt_lair_end_beastmaster, layout_gridlike,
          chequers_serial_rivers_room_b

Skill      XL: |  1  2  3  4  5  6  7  8  9 10 11 12 13 |
---------------+----------------------------------------+-----
Staves         | 3 4 5 7 9 10 12 13 14 | 14.0
Dodging        | 3 4 0 |  0.0
Armour         | 1 2 3 5 6 7 8 9 10 | 10.6
Fighting       | 3 4 5 7 8 9 10 11 | 11.6
Evocations     | 1 4 6 8 |  8.5
Throwing       | |  1.7

Action                   |  1- 3 |  4- 6 |  7- 9 | 10-12 | 13-15 || total
-------------------------+-------+-------+-------+-------+-------++-------
Melee: Quarterstaff      |    98 |   162 |   263 |   688 |   260 ||  1471
       Kick              |     9 |    39 |    71 |   207 |   113 ||   439
       Headbutt          |       |       |    42 |   135 |    61 ||   238
Throw: Dart              |       |       |       |     5 |       ||     5
Invok: Sacrifice Nimblen |       |       |     1 |       |       ||     1
       Sacrifice Words   |       |       |     1 |       |       ||     1
       Reject Sacrifices |       |       |       |     1 |     1 ||     2
       Sacrifice Arcana  |       |       |       |     1 |       ||     1
       Draw Out Power    |       |       |       |       |     2 ||     2
  Use: Potion            |       |     1 |       |     2 |     1 ||     4
       Scroll            |       |       |    10 |     5 |       ||    15
 Stab: Sleeping          |     2 |       |       |       |       ||     2
       Paralysed         |       |     2 |       |     2 |     7 ||    11
       Invisible         |       |       |       |     2 |     1 ||     3
       Distracted        |       |       |       |     2 |     2 ||     4
       Confused          |       |       |       |     1 |     2 ||     3
       Petrifying        |       |       |       |     1 |       ||     1
  Eat: Chunk             |     2 |     7 |    10 |    19 |     6 ||    44
Armor: Leather armour    |    25 |    14 |       |       |       ||    39
       Ring mail         |       |    41 |     5 |       |       ||    46
       Scale mail        |       |       |   100 |   174 |       ||   274
       Plate armour      |       |       |       |    78 |   122 ||   200
Dodge: Dodged            |    83 |   108 |   117 |   170 |    60 ||   538

Table legend:
 A = Non-vault XP
 B = Vault XP
 C = Vault XP percentage of total XP
 D = Non-vault monster count
 E = Vault monster count
 F = Vault count percentage of total count
                 A         B        C        D         E       F
            +---------+---------+-------+---------+---------+-------
      Total |   40117 |   19709 |  32.9 |     349 |     111 |  24.1
            +---------+---------+-------+---------+---------+-------
        D:1 |      41 |       0 |   0.0 |      22 |       0 |   0.0
        D:2 |     167 |      41 |  19.7 |      28 |       2 |   6.7
        D:3 |      55 |      88 |  61.5 |      28 |       1 |   3.4
        D:4 |     359 |     281 |  43.9 |      19 |       4 |  17.4
        D:5 |     311 |       0 |   0.0 |       8 |       0 |   0.0
        D:6 |    1185 |     188 |  13.7 |      23 |       1 |   4.2
        D:7 |    1492 |       0 |   0.0 |      25 |       0 |   0.0
        D:8 |    2194 |    2162 |  49.6 |      44 |       8 |  15.4
        D:9 |    2840 |    3450 |  54.8 |      32 |      32 |  50.0
     Lair:1 |    3585 |     563 |  13.6 |      18 |      13 |  41.9
     Lair:2 |    1178 |    5278 |  81.8 |       9 |      35 |  79.5
     Lair:3 |    3258 |    1455 |  30.9 |      17 |       2 |  10.5
     Lair:4 |    6101 |       0 |   0.0 |      23 |       0 |   0.0
     Lair:5 |    6742 |      65 |   1.0 |      23 |       1 |   4.2
     Lair:6 |   10609 |    6138 |  36.7 |      30 |      12 |  28.6
            +---------+---------+-------+---------+---------+-------
